 Dungeon Crawl Stone Soup version 0.29.0-4-gdea44cf6ec (webtiles) character file.

Game seed: 14983429520911007469

39 qw the Chopper (level 3, 0/21 HPs)
             Began as a Tengu Warper on Aug 28, 2022.
             Slain by Jessica
             ... wielding a +1 spectral club
              (5 damage)
             ... on level 2 of the Dungeon.
             The game lasted 00:00:07 (1479 turns).

qw the Chopper (Tengu Warper)                       Turns: 1479, Time: 00:00:08

Health: 0/21       AC:  5    Str: 13    XL:     3   Next: 47%
Magic:  7/7        EV: 11    Int: 13    God:
Gold:   54         SH:  0    Dex: 13    Spells: 6/6 levels left

rFire   . . .      SeeInvis +   Y - +0 hand axe
rCold   . . .      Faith    .   (no shield)
rNeg    . . .      Spirit   .   g - +0 ring mail
rPois   .          Reflect  .   (helmet restricted)
rElec   .          Harm     .   (no cloak)
rCorr   .          Rampage  .   (no gloves)
Will    .....                   (boots unavailable)
Stlth   +.........              (no amulet)
HPRegen 0.07/turn               f - ring of see invisible
MPRegen 0.10/turn               (no ring)

@: no status effects
A: beak, talons 3
a: no special abilities


You were on level 2 of the Dungeon.
You visited 1 branch of the dungeon, and saw 2 of its levels.

You collected 54 gold pieces.


Innate Abilities, Weirdness & Mutations

You have a beak for a mouth.
You have claws for feet.


   Skills:
 - Level 2.0 Fighting
 + Level 4.2 Axes
 - Level 1.0 Throwing
 - Level 1.1 Armour
 - Level 2.1 Dodging
 - Level 2.0 Spellcasting
 - Level 2.4 Translocations


You had 6 spell levels left.
You didn't know any spells.
Your spell library contained the following spells:

 Spells                   Type           Power      Damage    Failure   Level
 Blink                    Tloc           14%        N/A       30%         2
 Gell's Gravitas          Tloc           7%         N/A       52%         3
 Lesser Beckoning         Tloc           7%         N/A       52%         3
 Teleport Other           Tloc           7%         N/A       52%         3
 Manifold Assault         Tloc           7%         N/A       99%         5

Inventory:

Hand Weapons
 j - a +0 whip
 Y - a +0 hand axe (weapon)
Armour
 g - a +0 ring mail (worn)
Jewellery
 f - a ring of see invisible (left hand)
 i - a ring of resist corrosion
Scrolls
 a - a scroll of torment {unknown}
 c - a scroll of vulnerability {unknown}
Potions
 b - a potion of berserk rage {unknown}
 d - a potion of invisibility {unknown}
 e - a potion of curing
 h - a potion of might

Dungeon Overview and Level Annotations

Branches:
Dungeon (2/15)

Altars:
Wu Jian

Annotations:
D:2 Jessica


Message History

You hit the giant cockroach.
The giant cockroach is almost dead.
You closely miss the giant cockroach. The giant cockroach bites you.
The giant cockroach closely misses you.
Jessica casts a spell.
Jessica seems to speed up.
The giant cockroach closely misses you.
You hit the giant cockroach.
You kill the giant cockroach!
You hit the giant cockroach. The giant cockroach bites you.
The giant cockroach waves its antennae.
The giant cockroach barely misses you.
You barely miss the giant cockroach. Your kick misses the giant cockroach.
The giant cockroach is severely wounded.
Jessica gestures wildly.
The giant cockroach bites you but does no damage.
You barely miss the giant cockroach. Your peck misses the giant cockroach.
The giant cockroach is severely wounded.
The giant cockroach barely misses you.
You hit the giant cockroach but do no damage.
Your kick misses the giant cockroach. Your peck misses the giant cockroach.
The giant cockroach is severely wounded.
The giant cockroach closely misses you. The giant cockroach barely misses you.
You closely miss the giant cockroach.
The giant cockroach is severely wounded.
The giant cockroach barely misses you.
You hit the giant cockroach but do no damage.
The giant cockroach is severely wounded.
The giant cockroach bites you.
Jessica grins evilly.
You hit the giant cockroach.
You kill the giant cockroach!
You start resting.
Jessica is nearby!
Jessica barely misses you.
You see here a giant cockroach corpse.
You barely miss Jessica. You claw Jessica.
Jessica is heavily wounded.
Jessica hits you with a +1 spectral club.
You die...

.~~~~...### .. ..
.~.~~.~..## ... #.
..~.~~.....# ...# #.
.~~.~~....)# ..?.##.
..~.~~~.....
...$...#####.~...~~~...(
#........#..~.~~~....#
#....%.........~......
#...>@#.......~~......
#....@..#.....~~....#.
#.....###....#~~#.....
#........#..#..##~####..
###......).#...## #..
............#.# #..
........##.....# #.#
.#########.....#######.#
#..............


You could see Jessica (fast).

Vanquished Creatures
  An adder (D:1)
  A worm (D:2)
  An endoplasm (D:1)
  2 giant cockroaches (D:2)
  A hobgoblin (D:2)
  3 jackals (D:1)
  4 kobolds
  3 quokkas
  3 ball pythons (D:1)
  4 bats
  A frilled lizard (D:1)
  A goblin (D:1)
  3 rats (D:1)
28 creatures vanquished.

Notes
Turn   | Place    | Note
-------+----------+-------------------------------------------
     0 | D:1      | qw the Tengu Warper began the quest for the Orb.
     0 | D:1      | Reached XP level 1. HP: 12/12 MP: 4/4
     0 | D:1      | 0 ||| qw: Version: 0.1-a-89-g26bdef1
     0 | D:1      | 0 ||| qw: Game counter: 3138
     0 | D:1      | 0 ||| qw: Always use a shield: true
     0 | D:1      | 0 ||| qw: God list: Okawaru
     0 | D:1      | 0 ||| qw: Allow faded altars: false
     0 | D:1      | 0 ||| qw: Do Orc after D:15 true
     0 | D:1      | 0 ||| qw: Do second Lair branch before Depths: true
     0 | D:1      | 0 ||| qw: Lair rune preference: random
     0 | D:1      | 0 ||| qw: Plans: Normal
     0 | D:1      | 0 ||| PLANNING D:1-11
   103 | D:1      | Reached skill level 3 in Axes
   103 | D:1      | Reached XP level 2. HP: 7/17 MP: 6/6
   342 | D:1      | Found a faded altar of an unknown god.
   804 | D:1      | 804 ||| Stepping ~*~*~tactically~*~*~ (stealth).
   807 | D:1      | 807 ||| Stepping ~*~*~tactically~*~*~ (stealth).
  1124 | D:1      | 1124 ||| UPGRADING to +0 ring mail.
  1134 | D:1      | 1134 ||| DROPPING +0 leather armour.
  1135 | D:1      | 1135 ||| UPGRADING to ring of see invisible.
  1136 | D:1      | 1136 ||| READING scroll labelled LOIBRAHEZO.
  1137 | D:1      | 1137 ||| DRINKING 2 bubbling grey potions.
  1138 | D:1      | 1138 ||| DRINKING 2 fizzy clear potions.
  1139 | D:1      | 1139 ||| DROPPING scroll of blinking.
  1182 | D:2      | 1182 ||| STAIRDANCE
  1188 | D:1      | Reached XP level 3. HP: 17/21 MP: 7/7
  1244 | D:2      | 1244 ||| STAIRDANCE
  1317 | D:2      | Reached skill level 4 in Axes
  1317 | D:2      | 1317 ||| STAIRDANCE
  1409 | D:2      | Found an ornate altar of the Wu Jian Council.
  1450 | D:2      | 1450 ||| Stepping ~*~*~tactically~*~*~ (stealth).
  1455 | D:2      | 1455 ||| Stepping ~*~*~tactically~*~*~ (stealth).
  1462 | D:2      | Noticed Jessica
  1463 | D:2      | 1463 ||| FLEEEEING.
  1466 | D:2      | 1466 ||| Stepping ~*~*~tactically~*~*~ (hiding).
  1470 | D:2      | HP: 5/21 [giant cockroach (2)]
  1475 | D:2      | HP: 4/21 [giant cockroach (1)]
  1479 | D:2      | Slain by Jessica

Levels and vault maps discovered:
D:1:      ebering_trefoil_twist, layout_loops_cross,
          ebering_ecumenical_altar_box, nrook_mini_vaults
D:2:      layout_rooms, serial_rivers, chequers_serial_rivers_small_3,
          chequers_serial_rivers_large_b, chequers_serial_rivers_small_b,
          chequers_serial_rivers_micro_c, basic_altar, serial_bayou_crossing,
          uniq_jessica, uniq_terence

Skill      XL: |  1  2  3 |
---------------+----------+-----
Axes           | 3 4 |  4.2
Fighting       | |  2.0
Throwing       | |  1.0
Armour         | |  1.1
Dodging        | |  2.1
Spellcasting   | |  2.0
Translocations | |  2.4

Action                   || total
-------------------------++-------
Melee: Hand axe          ||    82
       Kick              ||    12
       Peck              ||     4
Throw: Boomerang         ||     7
  Use: Potion            ||     2
       Scroll            ||     1
Armor: Leather armour    ||    25
       Ring mail         ||     8
Dodge: Dodged            ||    53

Table legend:
 A = Non-vault XP
 B = Vault XP
 C = Vault XP percentage of total XP
 D = Non-vault monster count
 E = Vault monster count
 F = Vault count percentage of total count
                 A         B        C        D         E       F
            +---------+---------+-------+---------+---------+-------
      Total |      57 |       0 |   0.0 |      28 |       0 |   0.0
            +---------+---------+-------+---------+---------+-------
        D:1 |      41 |       0 |   0.0 |      20 |       0 |   0.0
        D:2 |      16 |       0 |   0.0 |       8 |       0 |   0.0
            +---------+---------+-------+---------+---------+-------
